 Dungeon Crawl Stone Soup version 0.29-a0-304-gb34f9e1 (webtiles) character file.

Game seed: 16124825882839007038

225 Think the Cutter (level 6, 0/63 HPs)
             Began as an Octopode Fighter on Mar 25, 2022.
             Was an Initiate of Okawaru.
             Slain by an ogre
             ... wielding a +0 giant club
              (13 damage)
             ... on level 5 of the Dungeon.
             The game lasted 00:08:53 (4003 turns).

Think the Cutter (Octopode Fighter)                 Turns: 4003, Time: 00:08:54

Health: 0/63       AC: 23    Str: 17 (18) XL:     6   Next: 1%
Magic:  6/6        EV:  2    Int:  7 (10) God:    Okawaru [......]
Gold:   112        SH:  4    Dex:  9 (11) Spells: 1/5 levels left

rFire   . . .      SeeInvis .   k - +1 dagger (holy)
rCold   . . .      Faith    .   b - +0 buckler
rNeg    . . .      Spirit   .   (helmet currently unavailable)
rPois   +          Reflect  .   (no amulet)
rElec   .          Harm     .   (no ring)
rCorr   .          Rampage  .   (no ring)
Will    .....      NoTele   +   (no ring)
Stlth   +.........              (no ring)
HPRegen 0.20/turn               (no ring)
MPRegen 0.10/turn               (no ring)
                                (no ring)
                                (no ring)

@: lethally poisoned (0 -> -5), tree-form
A: stationary, stasis, torment immunity, boosted hp, almost no armour,
(amphibious), 8 rings, (camouflage 1), (gelatinous body 1), (nimble swimmer 1),
(tentacles)
a: Renounce Religion


You were on level 5 of the Dungeon.
You worshipped Okawaru.
Okawaru was noncommittal.
You were a tree.
You visited 1 branch of the dungeon, and saw 5 of its levels.

You collected 112 gold pieces.

Inventory:

Hand Weapons
 k - a +1 dagger of holy wrath (weapon)
Armour
 b - a +0 buckler (worn)
Scrolls
 a - a scroll of fog {unknown}
 g - a scroll of teleportation
 h - a scroll of magic mapping {unknown}
 j - a scroll of silence {unknown}
Potions
 c - 3 potions of lignification
 e - a potion of magic {unknown}
 f - a potion of invisibility {unknown}
 i - 2 potions of attraction
 l - a potion of mutation {unknown}
 m - a potion of flight {unknown}
 n - a potion of heal wounds {unknown}
 o - a potion of degeneration


   Skills:
 - Level 3.0 Fighting
 + Level 5.5 Short Blades
 - Level 3.0 Dodging
 - Level 3.0 Shields
 + Level 1.5 Hexes
 - Level 1.0 Summonings


You had one spell level left.
You knew the following spells:

 Your Spells              Type           Power      Damage    Failure   Level
a - Confusing Touch       Hex            2%         N/A       69%         3
b - Summon Small Mammal   Summ           4%         N/A       38%         1

Your spell library contained the following spells:

 Spells                   Type           Power      Damage    Failure   Level
 Slow                     Hex            8%         N/A       32%         1
 Shock                    Conj/Air       0%         1d3       52%         1
 Swiftness                Air            0%         N/A       88%         3
 Vampiric Draining        Necr           0%         2d6       88%         3
 Airstrike                Air            0%         N/A       99%         4


Dungeon Overview and Level Annotations

Branches:
Dungeon (5/15)
 Temple: D:4-7

Altars:
Elyvilon
Okawaru
Xom

Annotations:
D:3 Edmund


Innate Abilities, Weirdness & Mutations

You are a tree.
Your roots penetrate the ground, keeping you stationary.
You cannot be teleported.
You are immune to unholy pain and torment.
Your maximum health is greatly increased.
You cannot wear most types of armour.
((You are amphibious.))
You can wear up to eight rings at the same time.
((Your skin changes colour to match your surroundings (Stealth+).))
((Your rubbery body absorbs attacks. (AC +1, EV +1)))
((You are camouflaged when in or above water. (Stealth+)))
((You have tentacles for arms and can constrict up to eight enemies at once.))


Message History

You have reached level 6!
You start resting.
A scorpion comes into view.
A scorpion is nearby!
A scorpion is nearby!
A scorpion zombie comes into view.
You hit the scorpion but do no damage. Your grab misses the scorpion.
The scorpion stings you.
You barely miss the scorpion. You grab the scorpion.
You constrict the scorpion. The scorpion barely misses you.
You completely miss the scorpion.
The scorpion is lightly wounded.
You constrict the scorpion, but do no damage.
The scorpion stings you.
You barely miss the scorpion.
The scorpion is lightly wounded.
You constrict the scorpion. The scorpion stings you.
You are poisoned.
The scorpion poisons you!
You are too injured to fight recklessly!
You are too injured to fight recklessly!
You release your grip on the scorpion.
The scorpion attacks as you move away! The scorpion closely misses you.
You feel sick. The scorpion attacks as you move away! The scorpion stings you.
You are more poisoned.
The scorpion poisons you!
You feel very sick.
* * * LOW HITPOINT WARNING * * *
You feel very sick. The scorpion completely misses you.
Okay, then.
Really quaff the potion of lignification?
You turn into a tree.
Your roots penetrate the ground.
You feel sick.
The scorpion stings you but does no damage.
You closely miss the scorpion.
The scorpion is lightly wounded.
You feel sick.
The scorpion stings you but does no damage.
The ogre hits you with a +0 giant club!
You die...

#...... #...... #$.....
#......## .......#
####### .#.#.#.#.#
#.....#
.........###.....#
.....⌠...s♣......+
.._......O#......#
.....⌠...##......#
.........##......#
.#.#.#.#..#......#
..........#......#
.###.#.##.##(....########
#.## +######........#
#.#####.##


You could see an ogre and a scorpion.

Vanquished Creatures
  A hound (D:5)
  3 gnolls (D:4)
  5 adders
  An ufetubus (D:2)
  2 worms (D:3)
  3 dart slugs
  6 orcs (D:3)
  9 bats
  4 endoplasms
  4 giant cockroaches
  9 goblins
  5 hobgoblins
  4 jackals (D:1)
  7 kobolds
  5 quokkas
  13 ball pythons
  4 frilled lizards
  7 rats
92 creatures vanquished.

Vanquished Creatures (others)
  A fungus (D:2)
  3 withered plants (D:5)
4 creatures vanquished.

Grand Total: 96 creatures vanquished

Notes
Turn   | Place    | Note
-------+----------+-------------------------------------------
     0 | D:1      | Think the Octopode Fighter began the quest for the Orb.
     0 | D:1      | Reached XP level 1. HP: 16/16 MP: 1/1
    94 | D:1      | Reached XP level 2. HP: 21/21 MP: 2/2
   165 | D:1      | Reached skill level 3 in Short Blades
   323 | D:1      | Reached XP level 3. HP: 26/26 MP: 3/3
  1059 | D:2      | Reached skill level 4 in Short Blades
  1334 | D:2      | Found a faded altar of an unknown god.
  1340 | D:2      | Got Plato's Reference Book on Creation
  1377 | D:2      | Reached XP level 4. HP: 27/31 MP: 4/4
  1764 | D:2      | Learned a level 3 spell: Confusing Touch
  2379 | D:3      | Reached skill level 5 in Short Blades
  2383 | D:3      | Reached XP level 5. HP: 32/36 MP: 5/5
  2388 | D:3      | Learned a level 1 spell: Summon Small Mammal
  2417 | D:3      | Found an iron altar of Okawaru.
  2426 | D:3      | Became a worshipper of Warmaster Okawaru
  2972 | D:3      | Found a shimmering altar of Xom.
  3188 | D:4      | Noticed Edmund
  3200 | D:4      | Noticed an ogre
  3560 | D:4      | Reached skill level 1 in Hexes
  3560 | D:4      | Reached skill level 1 in Summonings
  3869 | D:5      | Entered Level 5 of the Dungeon
  3965 | D:5      | Found a white marble altar of Elyvilon.
  3966 | D:5      | Noticed an ogre
  3979 | D:5      | Reached XP level 6. HP: 28/42 MP: 6/6
  4003 | D:5      | Slain by an ogre

Illustrated notes

Levels and vault maps discovered:
D:1:      dpeg_arrival_connections, layout_basic
D:2:      layout_loops_ring, shapermc_ecumenical_altar_rom_forum
D:3:      minmay_diamond_boxcup, layout_rooms, tgw_xom,
          okawaru_altar_gauntlet_db
D:4:      layout_rooms, nicolae_yredelemnul_corpse_copse,
          chequers_serial_rivers_micro_c, uniq_edmund, uniq_menkaure,
          uniq_sigmund
D:5:      layout_basic, elyvilon_altar_5, serial_undead, serial_undead_b,
          serial_undead_e, serial_undead_b, serial_undead_a, serial_undead_e,
          serial_undead_b

Skill      XL: |  1  2  3  4  5 |
---------------+----------------+-----
Short Blades   | 3 4 5 |  5.5
Hexes          | 1 |  1.5
Summonings     | 1 |  1.0
Fighting       | |  3.0
Dodging        | |  3.0
Shields        | |  3.0

Action                   |  1- 3 |  4- 6 || total
-------------------------+-------+-------++-------
Melee: Rapier            |    40 |       ||    40
       Constrict         |    14 |    35 ||    49
       Tentacles         |     7 |    33 ||    40
       Dagger            |    17 |   146 ||   163
       Punch             |     1 |     2 ||     3
  Use: Potion            |     1 |     3 ||     4
       Scroll            |       |     4 ||     4
 Stab: Sleeping          |     9 |     8 ||    17
Armor: Skin              |     2 |    14 ||    16
Dodge: Dodged            |    30 |    88 ||   118
Block: Buckler           |     9 |    18 ||    27

Table legend: (Time is in decaauts)
 A = Elapsed time spent in this place.
 B = Non-inter-level travel time spent in this place.
 C = Inter-level travel time spent in this place.
 D = Time resting spent in this place.
 E = Time spent auto-exploring this place.
 F = Levels seen in this place.
 G = Mean time per level.
                   A        B        C        D        E       F      G
               +--------+--------+--------+--------+--------+-----+--------+
         Total |   3969 |   3830 |    139 |    683 |   2490 |   5 |  793.8 |
       Dungeon |   3969 |   3830 |    139 |    683 |   2490 |   5 |  793.8 |
               +--------+--------+--------+--------+--------+-----+--------+

Top non-repeatable levels by time:
     D:2: 1157 daAuts
     D:1: 1003 daAuts
     D:3: 989 daAuts
     D:4: 688 daAuts
     D:5: 130 daAuts
